 Dungeon Crawl Stone Soup version 0.30-a0-799-g109b55a442 (webtiles) character file.

Game seed: 4927757225245039985

1733 Girdio the Cudgeller (level 8, -1/60 HPs)
             Began as a Demonspawn Gladiator on Feb 21, 2023.
             Was an Initiate of Makhleb.
             Slain by an orc warrior
             ... wielding a +0 halberd
              (7 damage)
             ... on level 7 of the Dungeon.
             The game lasted 00:12:01 (7446 turns).

Girdio the Cudgeller (Demonspawn Gladiator)         Turns: 7446, Time: 00:12:02

Health: -1/60      AC: 10    Str: 15    XL:     8   Next: 76%
Magic:  8/8        EV: 14    Int: 10    God:    Makhleb [......]
Gold:   330        SH:  5    Dex: 22    Spells: 7/7 levels left

rFire   . . .      SeeInvis .    a - +0 flail (freeze)
rCold   . . .      Faith    .    (no shield)
rNeg    . . .      Spirit   .    l - +0 ring mail
rPois   .          Reflect  +    c - +0 helmet
rElec   .          Harm     .    (no cloak)
rCorr   .          Rampage  .    (no gloves)
Will    .....                    (no boots)
Stlth   ++                       m - amulet of reflection
HPRegen 0.30/turn                x - +6 ring of dexterity
MPRegen 0.11/turn                (no ring)

@: no status effects
A: claws 2, thin metallic scales 2, foul stench 2
a: Renounce Religion


You were on level 7 of the Dungeon.
You worshipped Makhleb.
Makhleb was noncommittal.
You visited 2 branches of the dungeon, and saw 9 of its levels.

You collected 330 gold pieces.

Inventory:

Hand Weapons
 a - a +0 flail of freezing (weapon)
 u - a +0 morningstar
Missiles
 d - a throwing net (quivered)
 e - 4 javelins
Armour
 b - a +0 leather armour
 c - a +0 helmet (worn)
 l - a +0 ring mail (worn)
Magical Staves
 q - a staff of air
Jewellery
 m - an amulet of reflection (around neck)
 x - a +6 ring of dexterity (left claw)
 y - an amulet of faith
Wands
 n - a wand of charming (7)
Scrolls
 f - a scroll of teleportation
 k - a scroll of blinking {unknown}
 v - a scroll of noise {unknown}
 w - a scroll of identify
 z - a scroll of fear
Potions
 g - 4 potions of flight
 h - 3 potions of lignification {unknown}
 i - 3 potions of might
 j - a potion of magic
 o - a potion of cancellation
 p - a potion of mutation
 r - a potion of invisibility
 s - 2 potions of degeneration
 t - a potion of attraction


   Skills:
 + Level 4.1 Fighting
 + Level 7.1 Maces & Flails
 + Level 2.0 Throwing
 + Level 4.7 Armour
 + Level 4.8 Dodging
 + Level 1.6 Stealth
 + Level 2.2 Shields


You had 7 spell levels left.
You didn't know any spells.
Your spell library contained the following spells:

 Spells                   Type           Power      Damage    Failure   Level
 Freeze                   Ice            0%         1d3       56%         1
 Magic Dart               Conj           0%         1d3       56%         1
 Call Imp                 Summ           0%         N/A       71%         2
 Frozen Ramparts          Ice            0%         1d1       91%         3
 Hailstorm                Conj/Ice       0%         3d3       91%         3
 Mephitic Cloud           Conj/Pois/Air  0%         N/A       91%         3


Dungeon Overview and Level Annotations

Branches:
Dungeon (8/15)             Temple (1/1) D:5
   Lair: D:8-11

Altars:
Dithmenos
Hepliaklqana
Kikubaaqudgha
Makhleb
Nemelex Xobeh
Okawaru
Qazlal
Sif Muna
Trog
Xom
Yredelemnul

Annotations:
D:4 1 runed translucent door, Esekla's ghost, weakling OpDe
D:6 3 runed translucent doors, epsilonplus's ghost, novice DsRe


Innate Abilities, Weirdness & Mutations

You have very sharp fingernails.
You are mostly covered in thin metallic scales. (AC +3)
You sometimes emit foul miasma when damaged in melee.


Message History

The orc warrior is moderately wounded.
You feel sick. The orc warrior barely misses you.
You closely miss the orc warrior.
The orc warrior is moderately wounded.
You feel sick.
You are no longer poisoned.
You block the orc warrior's attack.
You closely miss the orc warrior.
The orc warrior is moderately wounded.
You block the orc warrior's attack.
You hit the orc warrior but do no damage.
The orc warrior is moderately wounded.
The orc warrior barely misses you.
You hit the orc warrior. You freeze the orc warrior.
The orc warrior is moderately wounded.
You block the orc warrior's attack.
You closely miss the orc warrior.
The orc warrior is moderately wounded.
The orc warrior completely misses you.
You completely miss the orc warrior.
The orc warrior is moderately wounded.
The orc warrior barely misses you.
You hit the orc warrior. You freeze the orc warrior.
The orc warrior is heavily wounded.
You hear a shout!
The orc warrior hits you but does no damage.
You barely miss the orc warrior.
The orc warrior is heavily wounded.
The orc warrior barely misses you.
You closely miss the orc warrior.
The orc warrior is heavily wounded.
You block the orc warrior's attack.
You hit the orc warrior but do no damage.
The orc warrior is heavily wounded.
A wight comes into view. It is wielding a +0 mace.
You block the orc warrior's attack.
You sock the orc warrior! You freeze the orc warrior.
The orc warrior is almost dead.
The orc warrior hits you with a +0 halberd!
You die...

## #.# #.# ##.#
#### #@##
#...##
##o###......
####.oz#.......
......##.#
.........#
##.......#
#.$.o...#
#o.......
#........


You could see an orc warrior, a wight and an orc wizard.

Vanquished Creatures
  A deep elf zephyrmancer (D:6)
  A water moccasin (D:6)
  An ogre (D:4)
  2 centaurs
  Blork the orc (D:6)
  2 scorpions (D:5)
  A necrophage (D:5)
  A killer bee (D:5)
  3 hounds
  A jelly (D:5)
  4 orc priests
  2 iguanas
  5 orc wizards
  5 adders
  A river rat (D:3)
  A shadow imp (D:6)
  5 ufetubi
  5 worms
  3 dart slugs
  24 orcs
  5 ball pythons
  5 bats
  5 endoplasms
  3 giant cockroaches
  8 goblins
  8 hobgoblins
  3 jackals (D:5)
  7 quokkas
  3 frilled lizards
  6 kobolds
  7 rats
129 creatures vanquished.

Vanquished Creatures (others)
  A plant (D:6)
  2 withered plants (D:4)
3 creatures vanquished.

Grand Total: 132 creatures vanquished

Notes
Turn   | Place    | Note
-------+----------+-------------------------------------------
     0 | D:1      | Girdio the Demonspawn Gladiator began the quest for the
                  | Orb.
     0 | D:1      | Reached XP level 1. HP: 16/16 MP: 1/1
    86 | D:1      | Gained mutation: You may rarely emit foul miasma when
                  | damaged in melee. [demonic ancestry]
    86 | D:1      | Reached XP level 2. HP: 17/22 MP: 2/2
   248 | D:1      | Reached skill level 3 in Maces & Flails
   669 | D:2      | Gained mutation: You are partially covered in thin metallic
                  | scales. (AC +2) [demonic ancestry]
   669 | D:2      | Reached XP level 3. HP: 13/27 MP: 3/3
  1633 | D:3      | Reached skill level 1 in Armour
  1633 | D:3      | Reached XP level 4. HP: 9/34 MP: 4/4
  2445 | D:3      | Found a faded altar of an unknown god.
  2659 | D:3      | Gained mutation: You sometimes emit foul miasma when
                  | damaged in melee. [demonic ancestry]
  2659 | D:3      | Reached XP level 5. HP: 36/39 MP: 5/5
  3029 | D:3      | Found a sparkling altar of Nemelex Xobeh.
  3225 | D:3      | Reached skill level 4 in Maces & Flails
  3376 | D:4      | Found a runed translucent door.
  3377 | D:4      | Noticed Esekla's ghost (weakling OpDe)
  3423 | D:4      | Noticed an ogre
  3439 | D:4      | Killed an ogre
  3440 | D:4      | Gained mutation: You are mostly covered in thin metallic
                  | scales. (AC +3) [demonic ancestry]
  3440 | D:4      | Reached XP level 6. HP: 27/47 MP: 6/6
  3602 | D:3      | Reached skill level 1 in Shields
  3611 | D:3      | HP: 2/47 [something (2)]
  4338 | D:4      | Found a shimmering blue altar of Sif Muna.
  4404 | D:5      | Entered Level 5 of the Dungeon
  4503 | D:5      | Reached skill level 5 in Maces & Flails
  4612 | D:5      | Found a staircase to the Ecumenical Temple.
  4612 | D:5      | You fall into a shaft and drop 3 floors!
  4622 | D:7      | Noticed an orc warrior
  4681 | D:6      | Noticed a deep elf zephyrmancer
  4715 | D:6      | Gained mutation: You have sharp fingernails. [demonic
                  | ancestry]
  4715 | D:6      | Reached XP level 7. HP: 10/52 MP: 7/7
  4904 | D:6      | Found a runed translucent gate.
  4905 | D:6      | Found a runed translucent gate.
  4905 | D:6      | Found a runed translucent gate.
  5339 | Temple   | Entered the Ecumenical Temple
  5344 | Temple   | Became a worshipper of Makhleb the Destroyer
  6212 | D:6      | Reached skill level 6 in Maces & Flails
  6212 | D:6      | Gained mutation: You have very sharp fingernails. [demonic
                  | ancestry]
  6212 | D:6      | Reached XP level 8. HP: 50/58 MP: 8/8
  6344 | D:6      | Noticed Blork the orc
  6361 | D:6      | Killed Blork the orc
  6691 | D:6      | Noticed epsilonplus's ghost (novice DsRe)
  6755 | D:6      | Killed a deep elf zephyrmancer
  6756 | D:6      | Reached skill level 7 in Maces & Flails
  6756 | D:6      | Reached skill level 1 in Stealth
  7436 | D:7      | HP: 3/60 [poisoned by an orc]
  7446 | D:7      | Slain by an orc warrior

Illustrated notes

Levels and vault maps discovered:
D:1:      mrwooster_arrival_statue, layout_basic, minmay_tripent
D:2:      minmay_chambers_of_ones, layout_basic, nicolae_eternal_life,
          kennysheep_small_spiral
D:3:      layout_loops_cross, mainiacjoe_overflow_surrounded_room,
          serial_co_window_serial, co_window_paths_a, co_window_paths_b,
          co_window_paths_b, co_window_paths_b, co_window_paths_b,
          co_window_corner_cb, co_window_2corner, co_window_corner_b,
          co_window_unsneaky_path_a, co_window_cross_2, co_window_paths_c,
          co_window_corner_cb, co_window_paths_e, co_window_4corner_a,
          glass_columns_b, glass_columns_b, glass_columns_c,
          gup_sewer_entry_bowl, ebering_ecumenical_altar_webs
D:4:      layout_rooms, marbit_many_paths, gammafunk_ghost_grave
D:5:      layout_loops_corners, minmay_temple_entry_sparse_star,
          minmay_chambers_of_fives
D:6:      layout_gridville, ebering_ghost_rock_garden,
          guppyfry_early_elven_hall, uniq_blork_the_orc
D:7:      layout_loops_cross, kennysheep_generic_room_3, uniq_menkaure
D:8:      layout_loops_ring, erik_lair_island, uniq_joseph
Temple:   nicolae_temple_bog_church

Skill      XL: |  1  2  3  4  5  6  7  8 |
---------------+-------------------------+-----
Dodging        | 3 4 |  4.8
Maces & Flails | 3 4 5 6 7 |  7.1
Armour         | 1 2 4 |  4.7
Fighting       | 3 4 |  4.1
Shields        | 1 2 |  2.2
Throwing       | 2 |  2.0
Stealth        | 1 |  1.6

Action                     |  1- 3 |  4- 6 |  7- 9 || total
---------------------------+-------+-------+-------++-------
  Melee: Flail             |   126 |   210 |   170 ||   506
         Punch             |     1 |     3 |     1 ||     5
  Throw: Throwing net      |       |       |     3 ||     3
    Use: Scroll            |       |    18 |     2 ||    20
   Stab: Sleeping          |     1 |       |     1 ||     2
         Held in net/web   |       |       |     1 ||     1
 Armour: Leather armour    |    32 |       |       ||    32
         Ring mail         |    25 |    78 |    72 ||   175
  Dodge: Dodged            |    92 |   105 |   111 ||   308
  Block: Other             |    11 |    49 |    29 ||    89

Table legend: (Time is in decaauts)
 A = Elapsed time spent in this place.
 B = Non-inter-level travel time spent in this place.
 C = Inter-level travel time spent in this place.
 D = Time resting spent in this place.
 E = Time spent auto-exploring this place.
 F = Levels seen in this place.
 G = Mean time per level.
                   A        B        C        D        E       F      G
               +--------+--------+--------+--------+--------+-----+--------+
         Total |   7541 |   7541 |      0 |   2415 |   3412 |   9 |  837.9 |
       Dungeon |   7530 |   7530 |      0 |   2415 |   3412 |   8 |  941.2 |
        Temple |     10 |     10 |      0 |      0 |      0 |   1 |   10.0 |
               +--------+--------+--------+--------+--------+-----+--------+

Top non-repeatable levels by time:
     D:2: 1750 daAuts
     D:6: 1555 daAuts
     D:5: 1449 daAuts
     D:3: 1197 daAuts
     D:4: 891 daAuts
     D:1: 639 daAuts
     D:7: 37 daAuts
  Temple: 10 daAuts
     D:8: 9 daAuts
